 Dungeon Crawl Stone Soup version 0.23.0-3-gf3c87f2 (webtiles) character file.

Game seed: 3702917758972406391

55 zishaf the Firebug (level 4, -3/34 HPs)
             Began as a Human Wanderer on Feb 20, 2019.
             Slain by a killer bee zombie (8 damage)
             ... on level 2 of the Dungeon.
             The game lasted 00:03:47 (2252 turns).

zishaf the Firebug (Human Wanderer)                 Turns: 2252, Time: 00:03:48

Health: -3/34      AC:  2    Str: 11    XL:     4   Next: 14%
Magic:  0/5        EV: 11    Int: 16    God:
Gold:   62         SH:  0    Dex: 11    Spells: 1/5 levels left

rFire    . . .     SeeInvis .   e - +0 dagger
rCold    + . .     Gourm    .   (no shield)
rNeg     . . .     Faith    .   d - +0 robe
rPois    .         Spirit   .   (no helmet)
rElec    .         Reflect  .   (no cloak)
rCorr    .         Harm     .   (no gloves)
MR       .....                  (no boots)
Stlth    ++........             (no amulet)
HPRegen  0.11/turn              o - ring of protection from cold
MPRegen  0.09/turn              (no ring)

@: very slightly contaminated
A: no striking features
a: no special abilities


You were on level 2 of the Dungeon.
You were not hungry.

You visited 1 branch of the dungeon, and saw 2 of its levels.

You collected 62 gold pieces.

Inventory:

Hand Weapons
 e - a +0 dagger (weapon)
Missiles
 h - 111 stones
 j - 5 javelins (quivered)
Armour
 d - a +0 robe (worn)
Jewellery
 o - a ring of protection from cold (left hand)
Scrolls
 a - a scroll of blinking {unknown}
 g - 2 scrolls of enchant weapon {unknown}
 k - a scroll of amnesia {unknown}
 m - a scroll of identify {unknown}
 n - 2 scrolls of immolation {unknown}
Potions
 b - a potion of berserk rage {unknown}
 c - a potion of lignification
 i - a potion of curing {unknown}
 p - a potion of ambrosia {unknown}
Comestibles
 f - 4 rations
 l - 3 chunks of flesh


   Skills:
 + Level 2.6 Fighting
   Level 2.0 Long Blades
 - Level 1.0 Throwing
 - Level 2.0 Stealth
 + Level 1.2 Spellcasting
 + Level 1.9 Conjurations
 + Level 2.7 Fire Magic


You had one spell level left.
You knew the following spells:

 Your Spells              Type           Power        Failure   Level  Hunger
a - Flame Tongue          Conj/Fire      #....        9%          1    ##.....
c - Conjure Flame         Conj/Fire      #.......     26%         3    ####...

Your spell library contained the following spells:

 Spells                   Type           Power        Failure   Level  Hunger
 Throw Flame              Conj/Fire      #.....       13%         2    ###....
 Corpse Rot               Necr           N/A          34%         2    ###....
 Sublimation of Blood     Necr           #.........   34%         2    ###....
 Inner Flame              Hex/Fire       #.......     36%         3    ####...
 Sticky Flame             Conj/Fire      #.......     65%         4    #####..
 Fireball                 Conj/Fire      #.........   94%         5    ######.


Dungeon Overview and Level Annotations

Branches:
Dungeon (2/15)

Altars:
Fedhas


Message History

The killer bee zombie closely misses you.
The killer bee zombie hits you. The killer bee zombie hits you.
The killer bee zombie hits you. The killer bee zombie hits you!
* * * LOW HITPOINT WARNING * * *
The killer bee zombie barely misses you.
Casting: Flame Tongue (safe; 9% risk of failure)
Confirm with . or Enter, or press ? or * to list all spells.
Aiming: Flame Tongue (safe; 9% risk of failure)
Press: ? - help, Shift-Dir - straight line, f/p - killer bee zombie
Aim: a killer bee zombie (heavily damaged)
The flame tongue hits the killer bee zombie.
The killer bee zombie is heavily damaged.
The killer bee zombie barely misses you.
The killer bee zombie hits you but does no damage.
The killer bee zombie hits you.
* * * LOW HITPOINT WARNING * * *
The killer bee zombie hits you!
You die...

#...............#.#
#.#.#.#
#...............#.#
#.#.#.#
#...............#.#
#.#>#.#
##.............##.#
#.#.... #......#.....##
.# #.##...
#########...####.# #..
#^#.###..# ##.#
#.#.....# ...
##.####@.# ..#
########..## ##Z####..#
#..........# #.......#
#..........####..####.#
#..........#.....### .#
. #..........#.#.#...#
.####..
######.#####...###.#
..... #.# #...##
#.##... ######.####.#.#
#..#.#


You could see a killer bee zombie.

Vanquished Creatures
  An adder (D:2)
  An ooze (D:1)
  3 leopard geckos
  4 giant cockroaches
  2 goblins
  4 hobgoblins (D:1)
  4 jackals (D:1)
  2 kobolds
  A ball python (D:1)
  4 bats
  10 frilled lizards (D:1)
  3 rats (D:1)
39 creatures vanquished.

Vanquished Creatures (others)
  A ghoul (D:1)
  A minotaur (D:1)
  An octopode (D:1)
  A formicid (D:1)
  A spriggan (D:1)
  2 vampires (D:1)
  2 humans (D:1)
  2 nagas (D:1)
  A dwarf (D:1)
  A centaur (D:1)
  2 kobolds (D:1)
  8 tentacles (D:1)
23 creatures vanquished.

Grand Total: 62 creatures vanquished

Notes
Turn   | Place    | Note
-------+----------+-------------------------------------------
     0 | D:1      | zishaf the Human Wanderer began the quest for the Orb.
     0 | D:1      | zishaf set off with the following items: a potion of
                  | lignification, a +0 robe, a +0 dagger, a ration; and the
                  | following spell memorised: Flame Tongue; and the following
                  | spells available to memorise: Throw Flame, Corpse Rot,
                  | Sublimation of Blood, Conjure Flame, Inner Flame, Sticky
                  | Flame, Fireball
     0 | D:1      | Reached XP level 1. HP: 16/16 MP: 1/1
     2 | D:1      | Noticed a ghoul
     2 | D:1      | Noticed a naga
     2 | D:1      | Noticed a naga
     2 | D:1      | Noticed a human
     2 | D:1      | Noticed a dwarf
     2 | D:1      | Noticed a human
     2 | D:1      | Noticed a minotaur
     2 | D:1      | Noticed a centaur
     2 | D:1      | Noticed a kraken
     2 | D:1      | Noticed an octopode
     2 | D:1      | Noticed a vampire
     2 | D:1      | Noticed a formicid
     2 | D:1      | Noticed a spriggan
     2 | D:1      | Noticed a vampire
     3 | D:1      | Killed a naga
     4 | D:1      | Killed a naga
     6 | D:1      | Killed a human
     7 | D:1      | Killed an octopode
     8 | D:1      | Killed a dwarf
     8 | D:1      | Killed a formicid
    10 | D:1      | Killed a spriggan
    11 | D:1      | Killed a centaur
    11 | D:1      | Killed a ghoul
    12 | D:1      | Killed a vampire
    13 | D:1      | Killed a vampire
    19 | D:1      | Killed a human
    20 | D:1      | Killed a minotaur
   378 | D:1      | Reached XP level 2. HP: 6/22 MP: 0/2
  1080 | D:1      | Reached XP level 3. HP: 16/28 MP: 1/4
  1274 | D:1      | Reached skill level 1 in Spellcasting
  1901 | D:2      | Learned a level 3 spell: Conjure Flame
  2093 | D:2      | Reached XP level 4. HP: 32/34 MP: 1/5
  2137 | D:2      | Found a blossoming altar of Fedhas.
  2252 | D:2      | Slain by a killer bee zombie

Skill      XL: |  1  2  3 |
---------------+----------+-----
Spellcasting   | 1 |  1.2
Fighting       | |  2.6
Long Blades    | |  2.0
Throwing       | |  1.0
Stealth        | |  2.0
Conjurations   | |  1.9
Fire Magic     | |  2.7

Action                   |  1- 3 |  4- 6 || total
-------------------------+-------+-------++-------
Melee: Dagger            |   134 |       ||   134
Throw: Javelin           |     6 |       ||     6
 Cast: Flame Tongue      |    19 |     8 ||    27
 Stab: Sleeping          |     2 |       ||     2
  Eat: Chunk             |     4 |     1 ||     5
Armor: Robe              |    21 |     2 ||    23
Dodge: Dodged            |    84 |     5 ||    89
